 Dungeon Sprint DCSS version 0.19-a0-1922-g1e9a4c1 (webtiles) character file.

23 esc the Sneak (level 2, 0/14 HPs)
             Began as a Spriggan Enchanter on Oct 24, 2016.
             Slain by a worker ant (7 damage)
             ... in the Dungeon (Sprint II: "The Violet Keep of Menkaure").
             The game lasted 00:00:37 (15 turns).

esc the Sneak (Spriggan Enchanter)                    Turns: 15, Time: 00:00:38

Health: 0/14       AC:  3    Str:  4    XL:     2   Next: 72%
Magic:  6/7        EV: 20    Int: 16    God:
Gold:   0          SH:  0    Dex: 16    Spells: 1 memorised, 7 levels left

rFire  . . .     SeeInvis +     a - +1 dagger
rCold  . . .     Gourm    .     b - +1 robe
rNeg   . . .     Faith    .     (shield restricted)
rPois  .         Spirit   .     (helmet restricted)
rElec  .         Reflect  .     (no cloak)
rCorr  .         Harm     .     (gloves unavailable)
MR     .....     NoTele   +     (boots unavailable)
Stlth  +++.......               (no amulet)
                                (no ring)
                                (no ring)

@: lethally poisoned (0 -> -11), very quick
A: unfitting armour, see invisible, herbivore 3, speed 3, slow metabolism 2
a: no special abilities


You were in the Dungeon.
You were not hungry.

You visited 1 branch

Inventory:

Hand Weapons
 a - a +1 dagger (weapon)
Armour
 b - a +1 robe (worn)
Scrolls
 j - a scroll of blinking {!r}
Potions
 e - a potion of curing
 f - a potion of heal wounds
 g - a potion of haste
 h - 2 potions of magic
 i - a potion of berserk rage {!q}
Books
 c - a book of Maledictions
Comestibles
 d - a bread ration {@e1}


   Skills:
 + Level 1.4 Fighting
 + Level 2.5 Short Blades
 + Level 4.4 Dodging
 + Level 5.6 Stealth
 + Level 3.8 Spellcasting
 + Level 4.5 Hexes


You had 7 spell levels left.
You knew the following spells:

 Your Spells              Type           Power        Failure   Level  Hunger
v - Corona                Hex            ###....      2%          1    None


Dungeon Overview and Level Annotations

Branches:
Dungeon (1/1)

Altars:


Innate Abilities, Weirdness & Mutations

You are very small and have problems with some larger weapons.
You are too small for most types of armour.
You have supernaturally acute eyesight. (SInv)
You are a herbivore.
You cover ground extremely quickly.
You need consume almost no food.


Message History

Welcome, esc the Spriggan Enchanter.
Found a staircase leading out of the dungeon.
You open the door. 4 worker ants come into view.
There is an open door here.
The helpless worker ant fails to defend itself.
You puncture the worker ant!
You kill the worker ant!
Your Fighting skill increases to level 1!
Your Short Blades skill increases to level 2!
Your Dodging skill increases to level 4!
Your Stealth skill increases to level 5!
Your Spellcasting skill increases to level 3!
Your Hexes skill increases to level 4!
You have reached level 2!
The worker ant misses you.
Health restored: 14 The worker ant closely misses you.
You see here a worker ant corpse.
Okay, then.
Unknown command.
You hit the worker ant but do no damage.
The worker ant barely misses you. The worker ant closely misses you.
You hit the worker ant but do no damage.
The worker ant misses you. The worker ant completely misses you.
You hit the worker ant but do no damage.
The worker ant closely misses you. The worker ant barely misses you.
You hit the worker ant but do no damage.
The worker ant completely misses you.
The worker ant bites you but does no damage.
You hit the worker ant. The worker ant barely misses you.
The worker ant closely misses you.
You hit the worker ant. The worker ant barely misses you.
The worker ant completely misses you.
You hit the worker ant but do no damage.
The worker ant bites you.
You are poisoned.
The worker ant poisons you! The worker ant barely misses you.
You take 2 damage, and have 12/14 hp.
You hit the worker ant.
You feel sick. The worker ant closely misses you. The worker ant misses you.
You take 1 damage, and have 11/14 hp.
You hit the worker ant. The worker ant completely misses you.
The worker ant closely misses you.
You hit the worker ant.
You feel sick. The worker ant bites you.
You are lethally poisoned!
The worker ant poisons you! The worker ant bites you!
Ouch! That really hurt!
You die...

#+
###$###
#.a#a@#
#.#a##
#'##
##.##
+.<.+
##.##
#+#


You could see 2 worker ants.

Vanquished Creatures
  A worker ant (D)
1 creature vanquished.

Vanquished Creatures (others)
  A crocodile (D)
1 creature vanquished.

Grand Total: 2 creatures vanquished

Notes
Turn   | Place    | Note
-------+----------+-------------------------------------------
     0 | D        | esc the Spriggan Enchanter began the quest for the Orb.
     0 | D        | Reached XP level 1. HP: 9/9 MP: 5/5
     1 | D        | Noticed a worker ant
     1 | D        | Noticed a worker ant
     1 | D        | Noticed a worker ant
     1 | D        | Noticed a worker ant
     4 | D        | Killed a worker ant
     4 | D        | Reached skill level 1 in Fighting
     4 | D        | Reached skill level 2 in Short Blades
     4 | D        | Reached skill level 4 in Dodging
     4 | D        | Reached skill level 5 in Stealth
     4 | D        | Reached skill level 3 in Spellcasting
     4 | D        | Reached skill level 4 in Hexes
     4 | D        | Reached XP level 2. HP: 14/14 MP: 5/7
    14 | D        | Killed a crocodile
    15 | D        | Slain by a worker ant

Vault maps used:
D:        the_violet_keep_of_menkaure

Skill      XL: |  1 |
---------------+----+-----
Fighting       | 1 |  1.4
Short Blades   | 2 |  2.5
Dodging        | 4 |  4.4
Stealth        | 5 |  5.6
Spellcasting   | 3 |  3.8
Hexes          | 4 |  4.5

Action                   || total
-------------------------++-------
Melee: Dagger            ||    11
 Stab: Sleeping          ||     1
Armor: Robe              ||     1
Dodge: Dodged            ||    18

Vault maps used:
D:        the_violet_keep_of_menkaure

Table legend:
 A = Turns spent in this place as a percentage of turns spent in the entire game.
 B = Non-inter-level travel turns spent in this place as a percentage of non-inter-level travel turns spent in the entire game.
 C = Inter-level travel turns spent in this place as a percentage of turns spent in this place.
 D = Turns resting spent in this place as a percentage of non-inter-level travel turns spent in this place.
 E = Turns spent auto-exploring this place as a percentage of non-inter-level travel turns spent in this place.
 F = Non-inter-level travel turns spent in this place divided by the number of levels of this place that you've seen.
                   A       B       C       D       E      F
               +-------+-------+-------+-------+-------+----------------------
         Total | 100.0 | 100.0 |   0.0 |   0.0 |   0.0 |  19.0
       Dungeon | 100.0 | 100.0 |   0.0 |   0.0 |   0.0 |  19.0
               +-------+-------+-------+-------+-------+----------------------

Table legend:
 A = Kills in this place as a percentage of kills in entire the game.
 B = Kills by you in this place as a percentage of kills by you in the entire game.
 C = Kills by friends in this place as a percentage of kills by friends in the entire game.
 D = Other kills in this place as a percentage of other kills in the entire game.
 E = Experience gained in this place as a percentage of experience gained in the entire game.
 F = Experience gained in this place divided by the number of levels of this place that you have seen.
                   A       B       C       D       E      F
               +-------+-------+-------+-------+-------+----------------------
         Total | 100.0 | 100.0 |  -nan |  -nan | 100.0 |  33.0
       Dungeon | 100.0 | 100.0 |  -nan |  -nan | 100.0 |  33.0
               +-------+-------+-------+-------+-------+----------------------
